 Dungeon Crawl Stone Soup version 0.30-a0-847-g17996783a1 (webtiles) character file.

Game seed: 3795559358151227070

184 greenreed the Magician (level 5, 0/24 HPs)
             Began as a Spriggan Conjurer on Mar 3, 2023.
             Killed from afar by Natasha (12 damage)
             ... with a bolt of dispelling energy
             ... on level 3 of the Dungeon.
             The game lasted 00:06:43 (3852 turns).

greenreed the Magician (Spriggan Conjurer)          Turns: 3852, Time: 00:06:43

Health: 0/24       AC:  7    Str:  3    XL:     5   Next: 36%
Magic:  3/13       EV: 17    Int: 21    God:
Gold:   116        SH:  0    Dex: 14    Spells: 10/13 levels left

rFire   . . .      SeeInvis +    (weapon restricted)
rCold   . . .      Faith    .    (no shield)
rNeg    . . .      Spirit   .    a - +0 robe
rPois   .          Reflect  .    (helmet restricted)
rElec   .          Rampage  .    p - +0 cloak
rCorr   .                        (gloves unavailable)
Will    .....                    (boots unavailable)
Stlth   ++                       (no amulet)
HPRegen 0.24/turn                g - +4 ring of protection
MPRegen 0.13/turn                (no ring)

@: slowed, quick
A: very small, no large weapons, unfitting armour, see invisible, speed 3
a: no special abilities


You were on level 3 of the Dungeon.
You visited 1 branch of the dungeon, and saw 3 of its levels.

You collected 116 gold pieces.

Inventory:

Armour
 a - a +0 robe (worn)
 p - a +0 cloak (worn)
Jewellery
 g - a +4 ring of protection (left hand)
 q - an amulet of faith
Scrolls
 d - 2 scrolls of identify {unknown}
 f - a scroll of butterflies {unknown}
 h - a scroll of immolation {unknown}
 j - a scroll of fear {unknown}
 k - a scroll of blinking {unknown}
 m - a scroll of teleportation {unknown}
 o - a scroll of enchant weapon {unknown}
Potions
 b - a potion of magic
 c - a potion of degeneration {unknown}
 e - a potion of might {unknown}
 i - a potion of invisibility {unknown}
 l - a potion of resistance {unknown}
 n - 3 potions of curing {unknown}
 r - 2 potions of attraction {unknown}


   Skills:
 + Level 3.0 Dodging
 + Level 3.6 Stealth
 * Level 4.7 Spellcasting
 * Level 4.1 Conjurations


You had 10 spell levels left.
You knew the following spells:

 Your Spells              Type           Power      Damage    Failure   Level
a - Magic Dart            Conj           88%        1d7       1%          1
b - Searing Ray           Conj           44%        2d6       3%          2

Your spell library contained the following spells:

 Spells                   Type           Power      Damage    Failure   Level
 Momentum Strike          Conj/Tloc      26%        3d8       7%          2
 Slow                     Hex            20%        N/A       11%         1
 Dazzling Flash           Conj/Hex       26%        N/A       14%         3
 Blink                    Tloc           10%        N/A       17%         2
 Lesser Beckoning         Tloc           10%        N/A       17%         2
 Confusing Touch          Hex            5%         N/A       32%         3
 Vampiric Draining        Necr           5%         2d6       32%         3
 Fulminant Prism          Conj/Hex       6%         3d7       43%         4
 Iskenderun's Mystic Bla  Conj/Tloc      13%        2d5       43%         4


Dungeon Overview and Level Annotations

Branches:
Dungeon (3/15)

Altars:

Annotations:
D:3 Natasha


Innate Abilities, Weirdness & Mutations

You are very small and have problems with some larger weapons.
You are too small for most types of armour.
You have supernaturally acute eyesight. (SInv)
You cover ground extremely quickly. (Speed+++)


Message History

You kill the frilled lizard!
The ball python hisses angrily.
Natasha, Servant of Life and Death comes into view.
She is carrying a wand of quicksilver (3).
The magic dart hits the worm.
The worm is severely wounded.
Natasha hisses angrily.
Casting: Magic Dart (safe; 1% risk of failure)
Confirm with . or Enter, or press ? or * to list all spells.
Aiming: Searing Ray (safe; 3% risk of failure)
Press: ? - help, Shift-Dir - straight line, f/p - worm
Aim: a worm (heavily wounded, 92% to hit)
The searing ray hits the worm.
The worm is severely wounded. (Press . to maintain the ray.) Natasha hisses.
Natasha zaps a wand.
The bolt of dispelling energy misses you.
The searing ray hits the worm.
You kill the worm!
Casting: Searing Ray (safe; 3% risk of failure)
Confirm with . or Enter, or press ? or * to list all spells.
Restarting spell: Searing Ray (safe; 3% risk of failure)
Press: ? - help, Shift-Dir - straight line, f - Natasha
Aim: Natasha, carrying a wand of quicksilver (2) (72% to hit)
The searing ray hits the ball python!
You kill the ball python!
The searing ray misses Natasha. (Press . to maintain the ray.)
The searing ray hits Natasha.
Natasha is moderately wounded.
The searing ray hits Natasha.
Natasha is moderately wounded.
Natasha zaps a wand.
The bolt of dispelling energy hits you!
Ouch! That really hurt!
Natasha casts a spell at you.
You feel yourself slow down.
Natasha zaps a wand.
The bolt of dispelling energy hits you!
Your magical effects are unravelling.
Ouch! That really hurt!
You die...

...#### ..####†###.#.##.######
......####..........#.<#......#
........###.........#...#####.###
.........## #...h...#............
###.####..# ####....#......##.#.#
# #...##..## ####h#.....###.#.# #
#....#...# ###...#.#†#.# #.#.#
###....#...# ##...[.#.#.#.# #.#.#
.##........###..@...#...#.###.#.#
.#######....##..###.###>#.......#
.)### #....#...# #.###.#####.###
....####....#...##..#....####.#
.......))...........#.........#
#########.###########.#..######
#..............#..#
#.##########.#.#..# ###.#
#.#.#..#


You could see Natasha.

Vanquished Creatures
  A hound (D:2)
  Crazy Yiuf (D:2)
  An orc wizard (D:2)
  2 adders
  4 worms
  A dart slug (D:2)
  3 orcs (D:2)
  10 bats
  11 endoplasms
  4 giant cockroaches
  3 goblins
  7 hobgoblins
  3 kobolds
  6 ball pythons
  3 frilled lizards
  8 rats
68 creatures vanquished.

Vanquished Creatures (others)
  4 toadstools (D:1)
4 creatures vanquished.

Grand Total: 72 creatures vanquished

Notes
Turn   | Place    | Note
-------+----------+-------------------------------------------
     0 | D:1      | greenreed the Spriggan Conjurer began the quest for the
                  | Orb.
     0 | D:1      | Reached XP level 1. HP: 9/9 MP: 5/5
   295 | D:1      | Reached XP level 2. HP: 13/13 MP: 4/6
   770 | D:1      | Found a faded altar of an unknown god.
  1839 | D:2      | Reached XP level 3. HP: 16/16 MP: 0/8
  2016 | D:2      | Learned a level 2 spell: Searing Ray
  2263 | D:2      | Reached XP level 4. HP: 21/21 MP: 1/10
  3359 | D:2      | Found a runed translucent door.
  3360 | D:2      | Noticed Crazy Yiuf
  3378 | D:2      | Killed Crazy Yiuf
  3379 | D:2      | Reached XP level 5. HP: 24/24 MP: 6/12
  3838 | D:3      | Noticed Natasha
  3852 | D:3      | Killed from afar by Natasha

Illustrated notes

Levels and vault maps discovered:
D:1:      ldierk_walled_garden_2, layout_basic, ebering_ecumenical_altar_hall,
          minmay_misc_feat_rugged
D:2:      layout_basic, st_stairs_12, minmay_tree_intersection,
          uniq_crazy_yiuf_cottage
D:3:      minmay_recursive_quarters, layout_basic, corner_web_ring,
          uniq_natasha, uniq_robin

Skill      XL: |  1  2  3  4  5 |
---------------+----------------+-----
Conjurations   | 3 4 |  4.1
Spellcasting   | 3 4 |  4.7
Dodging        | 3 |  3.0
Stealth        | |  3.6

Action                     |  1- 3 |  4- 6 || total
---------------------------+-------+-------++-------
  Melee: Unarmed           |    49 |     2 ||    51
         Punch             |     1 |       ||     1
   Cast: Magic Dart        |    91 |    79 ||   170
         Searing Ray       |     2 |     5 ||     7
 Armour: Robe              |     7 |       ||     7
  Dodge: Dodged            |    42 |     3 ||    45

Table legend: (Time is in decaauts)
 A = Elapsed time spent in this place.
 B = Non-inter-level travel time spent in this place.
 C = Inter-level travel time spent in this place.
 D = Time resting spent in this place.
 E = Time spent auto-exploring this place.
 F = Levels seen in this place.
 G = Mean time per level.
                   A        B        C        D        E       F      G
               +--------+--------+--------+--------+--------+-----+--------+
         Total |   3016 |   2971 |     45 |     52 |   2465 |   3 | 1005.3 |
       Dungeon |   3016 |   2971 |     45 |     52 |   2465 |   3 | 1005.3 |
               +--------+--------+--------+--------+--------+-----+--------+

Top non-repeatable levels by time:
     D:2: 1508 daAuts
     D:1: 1238 daAuts
     D:3: 268 daAuts
